 Dungeon Crawl Stone Soup version 0.19-a0-1268-g6c5d9f8 (webtiles) character file.

93 Kidiri the Magician (level 4, 0/24 HPs)
             Began as a Deep Elf Fire Elementalist on Aug 29, 2016.
             Slain by an orc wizard
             ... wielding a +0 dagger
              (2 damage)
             ... on level 3 of the Dungeon.
             The game lasted 00:05:39 (1581 turns).

Kidiri the Magician (Deep Elf Fire Elementalist)    Turns: 1581, Time: 00:05:39

Health: 0/24       AC:  4    Str:  5    XL:     4   Next: 37%
Magic:  0/12       EV: 13    Int: 21    God:
Gold:   154        SH:  0    Dex: 18    Spells: 4 memorised, 3 levels left

rFire  . . .     SeeInvis .     e - +2 dagger
rCold  . . .     Gourm    .     a - +0 robe
rNeg   . . .     Faith    .     (no shield)
rPois  .         Spirit   .     (no helmet)
rElec  .         Dismiss  .     (no cloak)
rCorr  .         Reflect  .     d - +1 pair of gloves {Dex+3}
MR     .....     Harm     .     (no boots)
Stlth  ++........               (no amulet)
                                (no ring)
                                (no ring)

@: very slightly contaminated
A: no striking features
a: no special abilities


You were on level 3 of the Dungeon.
You were not hungry.

You visited 1 branch of the dungeon, and saw 3 of its levels.

You collected 154 gold pieces.

Inventory:

Hand Weapons
 e - a +2 dagger (weapon)
Armour
 a - a +0 robe (worn)
 d - a +1 pair of gloves of dexterity (worn)
Wands
 n - a wand of slowing (24/48)
Scrolls
 j - 2 scrolls of recharging
 l - a scroll of remove curse
Potions
 g - a potion of mutation {unknown}
 m - a potion of haste {unknown}
Books
 b - a book of Flames

   Spells                             Type                      Level
   a - Flame Tongue                   Conjuration/Fire             1
   b - Throw Flame                    Conjuration/Fire             2
   c - Conjure Flame                  Conjuration/Fire             3
   d - Inner Flame                    Hexes/Fire                   3
   e - Sticky Flame                   Conjuration/Fire             4
   f - Fireball                       Conjuration/Fire             5
Comestibles
 c - 3 bread rations
 h - 4 fruits
 k - 2 beef jerkies


   Skills:
 - Level 2.4 Dodging
 - Level 2.4 Stealth
 * Level 4.6 Spellcasting
 + Level 2.5 Conjurations
 + Level 4.1 Fire Magic


You had 3 spell levels left.
You knew the following spells:

 Your Spells              Type           Power        Failure   Level  Hunger
a - Flame Tongue          Conj/Fire      ###..        2%          1    None
b - Throw Flame           Conj/Fire      ###...       4%          2    #......
c - Conjure Flame         Conj/Fire      ###.....     10%         3    ##.....
d - Inner Flame           Hex/Fire       ##......     17%         3    ##.....


Dungeon Overview and Level Annotations

Branches:
Dungeon (3/15)

Altars:
Qazlal
Uskayaw


Message History

Casting: Flame Tongue
Confirm with . or Enter, or press ? or * to list all spells.
Aiming: Flame Tongue
Press: ? - help, Shift-Dir - straight line The flame tongue hits something.
Something hits you.
Casting: Flame Tongue
Confirm with . or Enter, or press ? or * to list all spells.
Aiming: Flame Tongue
Press: ? - help, Shift-Dir - straight line You miscast Flame Tongue.
You are very lightly contaminated with residual magic.
Strange energies run through your body. Something hits you.
You closely miss something. Something hits you but does no damage.
You hit something but do no damage. Something hits you.
* * * LOW HITPOINT WARNING * * *
You closely miss something. Something hits you.
* * * LOW HITPOINT WARNING * * *
It was a potion of cure mutation.
It has a very clean taste.
Something hits you.
You die...

##########
#........#
#.(......#
#........#
#.......$#
#.....†..#
#.††......
#.<.......
#.@#####..
......){..#
....#.....#
..........#
.....[$....
..........##
...........
...#........


There were no monsters in sight!

Vanquished Creatures
  5 adders
  A worm (D:3)
  2 dart slugs (D:1)
  A giant gecko (D:1)
  2 orcs (D:3)
  2 ball pythons
  5 giant cockroaches
  3 goblins
  3 hobgoblins
  2 jackals (D:1)
  2 bats (D:1)
  4 giant newts
  7 kobolds
39 creatures vanquished.

Notes
Turn   | Place    | Note
-------+----------+-------------------------------------------
     0 | D:1      | Kidiri the Deep Elf Fire Elementalist began the quest for the Orb.
     0 | D:1      | Reached XP level 1. HP: 10/10 MP: 6/6
   348 | D:1      | Reached XP level 2. HP: 12/15 MP: 5/8
   356 | D:1      | Learned a level 2 spell: Throw Flame
  1019 | D:2      | Reached XP level 3. HP: 19/19 MP: 0/10
  1263 | D:2      | Found a hide-covered altar of Uskayaw.
  1263 | D:2      | Found a stormy altar of Qazlal.
  1301 | D:2      | Learned a level 3 spell: Conjure Flame
  1305 | D:2      | Learned a level 3 spell: Inner Flame
  1448 | D:3      | Reached XP level 4. HP: 16/24 MP: 3/12
  1581 | D:3      | Slain by an orc wizard

Vault maps used:
D:1:      lightli_arrival_noodles
D:2:      amethyst_overflow_temple_binary, glass_columns_a
D:3:      kennysheep_goblin_castle

Skill      XL: |  1  2  3 |
---------------+----------+-----
Spellcasting   | 4 |  4.6
Fire Magic     | 4 |  4.1
Conjurations   | 2 |  2.5
Dodging        | |  2.4
Stealth        | |  2.4

Action                   |  1- 3 |  4- 6 || total
-------------------------+-------+-------++-------
Melee: Dagger            |    32 |     6 ||    38
 Cast: Flame Tongue      |    36 |    13 ||    49
       Throw Flame       |     8 |     3 ||    11
  Use: Scroll            |     8 |       ||     8
       Potion            |       |     1 ||     1
 Stab: Sleeping          |     6 |       ||     6
  Eat: Chunk             |     2 |       ||     2
Armor: Robe              |    19 |     3 ||    22
Dodge: Dodged            |    43 |     3 ||    46
